Connexion

ARIZONA Coyotes vs WINNIPEG Jets

Created - 26 novembre 2023 at 09:11

Goals
1 2 3 T
ARIZONA Coyotes 0 1 1 2
WINNIPEG Jets 1 0 2 3
Shots
1 2 3 T
ARIZONA Coyotes 12 10 13 35
WINNIPEG Jets 8 6 9 23

GoalsPenalties
1st period
1. WINNIPEG Jets , Olli Juolevi 8 (Gemel Smith 11, Jared Spurgeon 23) at 10:45
Timo Meier (ARI) for Hooking (Minor) at 2:29
Dmitrij Jaskin (WPG) for Hooking (Minor) at 12:41
2nd period
2. ARIZONA Coyotes , Justin Abdelkader 8 (Carl Hagelin 9, Dillon Dube 13) at 4:03
Jared Spurgeon (WPG) for Tripping (Minor) at 1:34
Madison Bowey (ARI) for Holding (Minor) at 7:09
Rasmus Kupari (WPG) for Hooking (Minor) at 15:09
3rd period
3. WINNIPEG Jets , Rasmus Kupari 6 (Eeli Tolvanen 15) at 0:18
4. WINNIPEG Jets , Alexei Toropchenko 9 (Gustav Lindstrom 11, Charlie Coyle 10) at 2:14
5. ARIZONA Coyotes , Vince Dunn 5 (Brayden Point 21, Sean Durzi 15) at 5:17 (PP)
Gustav Lindstrom (WPG) for Charging (Minor) at 3:56
Klim Kostin (ARI) for Tripping (Minor) at 13:58
Goalie Stats
Andrei Vasilevsky (ARI), 20 saves from 23 shots - (0,870), L, 15-12-0, 60:00 minutes
Jake Allen (WPG), 33 saves from 35 shots - (0,943), W, 4-3-1, 60:00 minutes
3 StarsOfficial
1 - Olli Juolevi (WPG)
2 - Justin Abdelkader (ARI)
3 - Jake Allen (WPG)
Referees : Francois StLaurent and Justin StPierre
Linesman : Tony Sericolo and Derek Amell
Game Note
No Game Note
Finance
Level 1 -- Attendance: 6000 (100,00%) -- Ticket Income 780 000 $
Level 2 -- Attendance: 5118 (92,30%) -- Ticket Income 429 912 $
Level 3 -- Attendance: 1499 (74,95%) -- Ticket Income 94 437 $
Level 4 -- Attendance: 2608 (65,20%) -- Ticket Income 122 576 $
Luxury Box -- Attendance: 961 (96,10%) -- Ticket Income 249 860 $
Game was played at the MTS center.
Total Attendance: 16186 (87,28%)
Total Ticket Income: 1 676 785 $
Other Income: 335 357 $
Total Income: 2 012 142 $



Team Name Goals Shots Shots Attemp Shots Blocked PIM HIT PP PK FO%
ARIZONA Coyotes 2356616201 / 4 (25%)042%
WINNIPEG Jets 32339108220 / 3 (0%)158%

ARIZONA Coyotes
Player Name POS G A P +/- PIM HIT SHT SB MP PP MP PP SHT PK MP PK SHT FO% FOT
Beau Starret C/LW000000000:000:0000:0000% 0
Braden SchneiderD0001010013:560:0000:2700% 0
Brayden PointC/RW011-3023018:583:2812:10054% 24
Carl HagelinLW/RW0111003014:110:0000:3600% 1
Dillon DubeC/LW/RW0111011013:350:0000:00015% 13
Dougie HamiltonD0000022123:503:2523:1000% 0
Justin AbdelkaderC/LW1011043013:350:0000:00050% 2
Klim KostinC000020004:390:0000:00050% 6
Madison BoweyD0000241022:403:2512:0100% 0
Matt BoldyLW/RW000-3015021:283:2810:00050% 2
Matthew TkachukLW/RW0000014022:473:5013:4700% 0
Nazem KadriC/LW/RW0000002022:473:5013:47047% 32
Sean DurziD011-3002022:523:5312:5800% 0
Timo MeierLW/RW0000214020:233:5001:240100% 1
Travis BoydC/LW/RW000001004:500:0000:1000% 0
Tucker PoolmanD0001000014:000:0000:3100% 0
Victor OlofssonLW/RW000-3011016:483:2800:0000% 5
Vince DunnD101-3014022:413:5332:4700% 0
WINNIPEG Jets
Player Name POS G A P +/- PIM HIT SHT SB MP PP MP PP SHT PK MP PK SHT FO% FOT
Alex Barre-BouletC/LW/RW000000107:050:0001:190100% 1
Alexei ToropchenkoRW1011012010:060:0000:0000% 1
Andreas AthanasiouC/LW/RW0001000021:193:0704:59063% 8
Brock NelsonC0000001022:402:5012:05077% 26
Charlie CoyleC/RW0111020015:453:0701:38046% 13
Colton ParaykoD0001000215:330:0001:1200% 0
Damon SeversonD0000041225:373:3312:2900% 0
Dmitrij JaskinLW/RW0000254023:533:0702:08033% 6
Eeli TolvanenLW/RW0111002012:140:0000:0000% 1
Ethan BearD0000030022:132:2402:4800% 0
Evgeny SvechnikovRW0001001110:010:0000:0000% 0
Gemel SmithC/LW/RW011003208:362:5010:00075% 4
Gustav LindstromD0111201116:130:0001:5300% 0
Jared Spurgeon D0111212221:273:3312:3200% 0
Noah CatesLW0000001020:352:5000:00067% 3
Olli JuoleviD1011024218:552:2423:4200% 0
Rasmus KupariC1011211014:220:0002:09048% 23
Vitali AbramovLW/RW000000006:040:0000:1800% 0



Play-by-Play

1st period


0:01 of 1st period - Brock Nelson wins face-off versus Nazem Kadri in neutral zone.
0:17 of 1st period - Shot by Timo Meier.
0:17 of 1st period - Stopped by Jake Allen without a rebound.
0:18 of 1st period - Rasmus Kupari wins face-off versus Brayden Point in WINNIPEG Jets zone.
0:37 of 1st period - Shot by Eeli Tolvanen.
0:37 of 1st period - Shot Misses the Net.
0:39 of 1st period - Shot by Eeli Tolvanen.
0:39 of 1st period - Stopped by Andrei Vasilevsky without a rebound.
0:40 of 1st period - Charlie Coyle wins face-off versus Dillon Dube in ARIZONA Coyotes zone.
1:43 of 1st period - Shot by Brock Nelson.
1:43 of 1st period - Shot Misses the Net.
2:01 of 1st period - Shot by Dmitrij Jaskin.
2:01 of 1st period - Stopped by Andrei Vasilevsky without a rebound.
2:02 of 1st period - Nazem Kadri wins face-off versus Rasmus Kupari in ARIZONA Coyotes zone.
2:24 of 1st period - Shot by Timo Meier.
2:24 of 1st period - Deflect By Matthew Tkachuk.
2:24 of 1st period - Shot Misses the Net.
2:29 of 1st period - Minor Penalty to Timo Meier for Hooking.
2:30 of 1st period - Brock Nelson wins face-off versus Nazem Kadri in ARIZONA Coyotes zone.
2:31 of 1st period - Shot by Damon Severson.
2:31 of 1st period - Shot Misses the Net.
2:33 of 1st period - Shot by Jared Spurgeon .
2:33 of 1st period - Shot Misses the Net.
2:35 of 1st period - Shot by Gemel Smith.
2:35 of 1st period - Stopped by Andrei Vasilevsky without a rebound.
2:36 of 1st period - Andreas Athanasiou wins face-off versus Nazem Kadri in ARIZONA Coyotes zone.
3:30 of 1st period - Andreas Athanasiou is hit by Travis Boyd and loses puck.
3:34 of 1st period - Icing by Jared Spurgeon .
3:35 of 1st period - Andreas Athanasiou wins face-off versus Carl Hagelin in WINNIPEG Jets zone.
4:23 of 1st period - Shot by Matthew Tkachuk.
4:23 of 1st period - Shot Misses the Net.
4:29 of 1st period - Shot by Matthew Tkachuk.
4:29 of 1st period - Shot Misses the Net.
5:10 of 1st period - Shot by Matt Boldy.
5:10 of 1st period - Shot Misses the Net.
5:12 of 1st period - Shot by Matt Boldy.
5:12 of 1st period - Shot Blocked by Gustav Lindstrom.
5:22 of 1st period - Shot by Carl Hagelin.
5:22 of 1st period - Deflect By Dillon Dube.
5:22 of 1st period - Shot Misses the Net.
5:40 of 1st period - Justin Abdelkader is hit by Ethan Bear and loses puck.
6:29 of 1st period - Icing by Noah Cates.
6:30 of 1st period - Brock Nelson wins face-off versus Victor Olofsson in WINNIPEG Jets zone.
6:34 of 1st period - Icing by Ethan Bear.
6:35 of 1st period - Brock Nelson wins face-off versus Victor Olofsson in WINNIPEG Jets zone.
6:49 of 1st period - Shot by Matt Boldy.
6:49 of 1st period - Stopped by Jake Allen without a rebound.
6:50 of 1st period - Rasmus Kupari wins face-off versus Nazem Kadri in WINNIPEG Jets zone.
7:00 of 1st period - Icing by Rasmus Kupari.
7:01 of 1st period - Rasmus Kupari wins face-off versus Matt Boldy in WINNIPEG Jets zone.
7:12 of 1st period - Shot by Eeli Tolvanen.
7:12 of 1st period - Stopped by Andrei Vasilevsky without a rebound.
7:13 of 1st period - Nazem Kadri wins face-off versus Alexei Toropchenko in ARIZONA Coyotes zone.
7:32 of 1st period - Shot by Timo Meier.
7:32 of 1st period - Stopped by Jake Allen with a rebound.
7:34 of 1st period - Shot by Dougie Hamilton.
7:34 of 1st period - Shot Blocked by Jared Spurgeon .
8:36 of 1st period - Shot by Brayden Point.
8:36 of 1st period - Stopped by Jake Allen without a rebound.
8:37 of 1st period - Brock Nelson wins face-off versus Dillon Dube in WINNIPEG Jets zone.
8:53 of 1st period - Braden Schneider is hit by Dmitrij Jaskin and loses puck.
8:58 of 1st period - Brock Nelson is hit by Justin Abdelkader and loses puck.
9:04 of 1st period - Dillon Dube is hit by Damon Severson and loses puck.
9:59 of 1st period - Shot by Madison Bowey.
9:59 of 1st period - Shot Blocked by Colton Parayko.
10:01 of 1st period - Shot by Timo Meier.
10:01 of 1st period - Shot Misses the Net.
10:11 of 1st period - Icing by Matthew Tkachuk.
10:12 of 1st period - Timo Meier wins face-off versus Gemel Smith in ARIZONA Coyotes zone.
10:16 of 1st period - Matthew Tkachuk is hit by Gemel Smith and loses puck.
10:43 of 1st period - Shot by Gemel Smith.
10:43 of 1st period - Shot Misses the Net.
10:45 of 1st period - Shot by Olli Juolevi.
10:45 of 1st period - Goal by Olli Juolevi - ARIZONA Coyotes : 0 - WINNIPEG Jets : 1.
10:46 of 1st period - Dillon Dube wins face-off versus Rasmus Kupari in neutral zone.
11:05 of 1st period - Shot by Dillon Dube.
11:05 of 1st period - Shot Misses the Net.
11:07 of 1st period - Shot by Carl Hagelin.
11:07 of 1st period - Shot Misses the Net.
11:09 of 1st period - Shot by Tucker Poolman.
11:09 of 1st period - Deflect By Dillon Dube.
11:09 of 1st period - Stopped by Jake Allen without a rebound.
11:10 of 1st period - Brayden Point wins face-off versus Charlie Coyle in WINNIPEG Jets zone.
11:11 of 1st period - Shot by Matt Boldy.
11:11 of 1st period - Stopped by Jake Allen without a rebound.
11:12 of 1st period - Brayden Point wins face-off versus Noah Cates in WINNIPEG Jets zone.
11:29 of 1st period - Shot by Noah Cates.
11:29 of 1st period - Stopped by Andrei Vasilevsky without a rebound.
11:30 of 1st period - Nazem Kadri wins face-off versus Eeli Tolvanen in ARIZONA Coyotes zone.
11:41 of 1st period - Shot by Nazem Kadri.
11:41 of 1st period - Shot Misses the Net.
12:02 of 1st period - Madison Bowey is hit by Rasmus Kupari and loses puck.
12:10 of 1st period - Icing by Dougie Hamilton.
12:11 of 1st period - Brock Nelson wins face-off versus Nazem Kadri in ARIZONA Coyotes zone.
12:41 of 1st period - Minor Penalty to Dmitrij Jaskin for Hooking.
12:42 of 1st period - Brayden Point wins face-off versus Rasmus Kupari in WINNIPEG Jets zone.
13:02 of 1st period - Shot by Vince Dunn.
13:02 of 1st period - Stopped by Jake Allen without a rebound.
13:03 of 1st period - Nazem Kadri wins face-off versus Rasmus Kupari in WINNIPEG Jets zone.
13:06 of 1st period - Shot by Madison Bowey.
13:06 of 1st period - Deflect By Matthew Tkachuk.
13:06 of 1st period - Shot Misses the Net.
13:12 of 1st period - Shot by Madison Bowey.
13:12 of 1st period - Stopped by Jake Allen without a rebound.
13:13 of 1st period - Rasmus Kupari wins face-off versus Brayden Point in WINNIPEG Jets zone.
13:35 of 1st period - Shot by Vince Dunn.
13:35 of 1st period - Stopped by Jake Allen without a rebound.
13:36 of 1st period - Rasmus Kupari wins face-off versus Nazem Kadri in WINNIPEG Jets zone.
13:48 of 1st period - Nazem Kadri is hit by Ethan Bear and loses puck.
13:55 of 1st period - Shot by Nazem Kadri.
13:55 of 1st period - Stopped by Jake Allen with a rebound.
13:57 of 1st period - Shot by Timo Meier.
13:57 of 1st period - Shot Misses the Net.
15:10 of 1st period - Shot by Gustav Lindstrom.
15:10 of 1st period - Stopped by Andrei Vasilevsky without a rebound.
15:11 of 1st period - Brayden Point wins face-off versus Charlie Coyle in ARIZONA Coyotes zone.
15:27 of 1st period - Shot by Alexei Toropchenko.
15:27 of 1st period - Stopped by Andrei Vasilevsky without a rebound.
15:28 of 1st period - Matt Boldy wins face-off versus Brock Nelson in ARIZONA Coyotes zone.
16:00 of 1st period - Off-side.
16:01 of 1st period - Rasmus Kupari wins face-off versus Nazem Kadri in neutral zone.
16:05 of 1st period - Andreas Athanasiou is hit by Dougie Hamilton.
16:21 of 1st period - Shot by Matthew Tkachuk.
16:21 of 1st period - Stopped by Jake Allen without a rebound.
16:22 of 1st period - Charlie Coyle wins face-off versus Dillon Dube in WINNIPEG Jets zone.
17:17 of 1st period - Icing by Tucker Poolman.
17:18 of 1st period - Brock Nelson wins face-off versus Dillon Dube in ARIZONA Coyotes zone.
18:30 of 1st period - Shot by Brayden Point.
18:30 of 1st period - Stopped by Jake Allen without a rebound.
18:31 of 1st period - Nazem Kadri wins face-off versus Rasmus Kupari in WINNIPEG Jets zone.
18:55 of 1st period - Icing by Jared Spurgeon .
18:56 of 1st period - Klim Kostin wins face-off versus Rasmus Kupari in WINNIPEG Jets zone.
19:03 of 1st period - Shot by Matt Boldy.
19:03 of 1st period - Shot Misses the Net.
19:41 of 1st period - Matt Boldy is hit by Charlie Coyle and loses puck.
Goals for this period are 0 for ARIZONA Coyotes vs 1 for WINNIPEG Jets.
Shots for this period are 12 for ARIZONA Coyotes vs 8 for WINNIPEG Jets.

2nd period


0:01 of 2nd period - Brock Nelson wins face-off versus Brayden Point in neutral zone.
0:04 of 2nd period - Dougie Hamilton is hit by Dmitrij Jaskin and loses puck.
0:19 of 2nd period - Shot by Dmitrij Jaskin.
0:19 of 2nd period - Stopped by Andrei Vasilevsky with a rebound.
0:21 of 2nd period - Shot by Noah Cates.
0:21 of 2nd period - Shot Misses the Net.
0:33 of 2nd period - Shot by Dmitrij Jaskin.
0:33 of 2nd period - Shot Misses the Net.
1:34 of 2nd period - Minor Penalty to Jared Spurgeon for Tripping.
1:35 of 2nd period - Rasmus Kupari wins face-off versus Nazem Kadri in WINNIPEG Jets zone.
2:43 of 2nd period - Icing by Dougie Hamilton.
2:44 of 2nd period - Brayden Point wins face-off versus Dmitrij Jaskin in ARIZONA Coyotes zone.
2:59 of 2nd period - Ethan Bear is hit by Matt Boldy and loses puck.
3:26 of 2nd period - Shot by Matthew Tkachuk.
3:26 of 2nd period - Stopped by Jake Allen with a rebound.
3:32 of 2nd period - Shot by Sean Durzi.
3:32 of 2nd period - Stopped by Jake Allen without a rebound.
3:33 of 2nd period - Dmitrij Jaskin wins face-off versus Brayden Point in WINNIPEG Jets zone.
3:33 of 2nd period - Dmitrij Jaskin is hit by Brayden Point.
4:01 of 2nd period - Shot by Carl Hagelin.
4:01 of 2nd period - Shot Misses the Net.
4:03 of 2nd period - Shot by Justin Abdelkader.
4:03 of 2nd period - Goal by Justin Abdelkader - ARIZONA Coyotes : 1 - WINNIPEG Jets : 1.
4:04 of 2nd period - Rasmus Kupari wins face-off versus Klim Kostin in neutral zone.
4:10 of 2nd period - Icing by Dougie Hamilton.
4:11 of 2nd period - Andreas Athanasiou wins face-off versus Klim Kostin in ARIZONA Coyotes zone.
5:10 of 2nd period - Shot by Nazem Kadri.
5:10 of 2nd period - Stopped by Jake Allen without a rebound.
5:11 of 2nd period - Brock Nelson wins face-off versus Justin Abdelkader in WINNIPEG Jets zone.
5:11 of 2nd period - Noah Cates is hit by Justin Abdelkader and loses puck.
5:39 of 2nd period - Noah Cates is hit by Braden Schneider and loses puck.
6:06 of 2nd period - Dillon Dube is hit by Alexei Toropchenko and loses puck.
6:40 of 2nd period - Shot by Evgeny Svechnikov.
6:40 of 2nd period - Stopped by Andrei Vasilevsky without a rebound.
6:41 of 2nd period - Rasmus Kupari wins face-off versus Nazem Kadri in ARIZONA Coyotes zone.
6:41 of 2nd period - Gustav Lindstrom is hit by Dougie Hamilton and loses puck.
6:47 of 2nd period - Eeli Tolvanen is hit by Madison Bowey and loses puck.
7:03 of 2nd period - Andreas Athanasiou is hit by Madison Bowey and loses puck.
7:09 of 2nd period - Minor Penalty to Madison Bowey for Holding.
7:10 of 2nd period - Nazem Kadri wins face-off versus Brock Nelson in ARIZONA Coyotes zone.
7:28 of 2nd period - Nazem Kadri is hit by Gemel Smith and loses puck.
7:33 of 2nd period - Shot by Damon Severson.
7:33 of 2nd period - Stopped by Andrei Vasilevsky without a rebound.
7:34 of 2nd period - Andreas Athanasiou wins face-off versus Nazem Kadri in ARIZONA Coyotes zone.
7:43 of 2nd period - Shot by Olli Juolevi.
7:43 of 2nd period - Stopped by Andrei Vasilevsky with a rebound.
7:53 of 2nd period - Shot by Ethan Bear.
7:53 of 2nd period - Shot Misses the Net.
8:14 of 2nd period - Off-side.
8:15 of 2nd period - Brayden Point wins face-off versus Brock Nelson in neutral zone.
8:17 of 2nd period - Off-side.
8:18 of 2nd period - Brock Nelson wins face-off versus Brayden Point in neutral zone.
8:22 of 2nd period - Jared Spurgeon is hit by Vince Dunn and loses puck.
8:31 of 2nd period - Shot by Brock Nelson.
8:31 of 2nd period - Shot Misses the Net.
8:56 of 2nd period - Dougie Hamilton is hit by Gemel Smith and loses puck.
9:28 of 2nd period - Icing by Rasmus Kupari.
9:29 of 2nd period - Rasmus Kupari wins face-off versus Dillon Dube in WINNIPEG Jets zone.
9:29 of 2nd period - Rasmus Kupari is hit by Justin Abdelkader.
9:32 of 2nd period - Andreas Athanasiou is hit by Justin Abdelkader and loses puck.
9:41 of 2nd period - Shot by Dillon Dube.
9:41 of 2nd period - Deflect By Carl Hagelin.
9:41 of 2nd period - Shot Misses the Net.
9:43 of 2nd period - Shot by Carl Hagelin.
9:43 of 2nd period - Stopped by Jake Allen with a rebound.
9:59 of 2nd period - Shot by Carl Hagelin.
9:59 of 2nd period - Stopped by Jake Allen without a rebound.
10:00 of 2nd period - Charlie Coyle wins face-off versus Brayden Point in WINNIPEG Jets zone.
10:00 of 2nd period - Charlie Coyle is hit by Victor Olofsson.
10:20 of 2nd period - Shot by Vince Dunn.
10:20 of 2nd period - Stopped by Jake Allen with a rebound.
10:22 of 2nd period - Shot by Matt Boldy.
10:22 of 2nd period - Shot Misses the Net.
10:24 of 2nd period - Shot by Victor Olofsson.
10:24 of 2nd period - Deflect By Brayden Point.
10:24 of 2nd period - Shot Misses the Net.
11:19 of 2nd period - Brock Nelson is hit by Madison Bowey and loses puck.
11:30 of 2nd period - Shot by Dmitrij Jaskin.
11:30 of 2nd period - Shot Blocked by Dougie Hamilton.
11:36 of 2nd period - Shot by Brock Nelson.
11:36 of 2nd period - Shot Misses the Net.
11:50 of 2nd period - Icing by Dmitrij Jaskin.
11:51 of 2nd period - Brock Nelson wins face-off versus Dillon Dube in WINNIPEG Jets zone.
11:51 of 2nd period - Noah Cates is hit by Dillon Dube.
12:28 of 2nd period - Shot by Andreas Athanasiou.
12:28 of 2nd period - Shot Misses the Net.
12:31 of 2nd period - Icing by Braden Schneider.
12:32 of 2nd period - Gemel Smith wins face-off versus Dillon Dube in ARIZONA Coyotes zone.
13:07 of 2nd period - Shot by Gemel Smith.
13:07 of 2nd period - Stopped by Andrei Vasilevsky without a rebound.
13:08 of 2nd period - Nazem Kadri wins face-off versus Rasmus Kupari in ARIZONA Coyotes zone.
13:37 of 2nd period - Off-side.
13:38 of 2nd period - Brock Nelson wins face-off versus Victor Olofsson in neutral zone.
13:40 of 2nd period - Off-side.
13:41 of 2nd period - Brock Nelson wins face-off versus Brayden Point in neutral zone.
15:09 of 2nd period - Minor Penalty to Rasmus Kupari for Hooking.
15:10 of 2nd period - Alex Barre-Boulet wins face-off versus Nazem Kadri in WINNIPEG Jets zone.
15:19 of 2nd period - Jared Spurgeon is hit by Timo Meier and loses puck.
16:14 of 2nd period - Shot by Matt Boldy.
16:14 of 2nd period - Stopped by Jake Allen without a rebound.
16:15 of 2nd period - Brock Nelson wins face-off versus Brayden Point in WINNIPEG Jets zone.
16:21 of 2nd period - Icing by Matt Boldy.
16:22 of 2nd period - Brayden Point wins face-off versus Andreas Athanasiou in ARIZONA Coyotes zone.
16:22 of 2nd period - Brayden Point is hit by Dmitrij Jaskin.
17:08 of 2nd period - Shot by Dougie Hamilton.
17:08 of 2nd period - Stopped by Jake Allen without a rebound.
17:09 of 2nd period - Charlie Coyle wins face-off versus Dillon Dube in WINNIPEG Jets zone.
17:16 of 2nd period - Dillon Dube is hit by Charlie Coyle.
17:28 of 2nd period - Shot by Carl Hagelin.
17:28 of 2nd period - Shot Blocked by Colton Parayko.
17:30 of 2nd period - Shot by Justin Abdelkader.
17:30 of 2nd period - Stopped by Jake Allen with a rebound.
17:32 of 2nd period - Shot by Justin Abdelkader.
17:32 of 2nd period - Shot Blocked by Evgeny Svechnikov.
18:29 of 2nd period - Matthew Tkachuk is hit by Olli Juolevi and loses puck.
18:49 of 2nd period - Olli Juolevi is hit by Brayden Point.
19:21 of 2nd period - Shot by Noah Cates.
19:21 of 2nd period - Shot Misses the Net.
19:29 of 2nd period - Shot by Dmitrij Jaskin.
19:29 of 2nd period - Stopped by Andrei Vasilevsky without a rebound.
19:30 of 2nd period - Andreas Athanasiou wins face-off versus Dillon Dube in ARIZONA Coyotes zone.
19:39 of 2nd period - Shot by Rasmus Kupari.
19:39 of 2nd period - Shot Misses the Net.
19:54 of 2nd period - Off-side.
19:55 of 2nd period - Nazem Kadri wins face-off versus Charlie Coyle in neutral zone.
Goals for this period are 1 for ARIZONA Coyotes vs 0 for WINNIPEG Jets.
Shots for this period are 10 for ARIZONA Coyotes vs 6 for WINNIPEG Jets.

3rd period


0:01 of 3rd period - Brock Nelson wins face-off versus Nazem Kadri in neutral zone.
0:07 of 3rd period - Dmitrij Jaskin is hit by Madison Bowey and loses puck.
0:10 of 3rd period - Shot by Dmitrij Jaskin.
0:10 of 3rd period - Stopped by Andrei Vasilevsky without a rebound.
0:11 of 3rd period - Brayden Point wins face-off versus Rasmus Kupari in ARIZONA Coyotes zone.
0:18 of 3rd period - Shot by Rasmus Kupari.
0:18 of 3rd period - Goal by Rasmus Kupari - ARIZONA Coyotes : 1 - WINNIPEG Jets : 2.
0:19 of 3rd period - Nazem Kadri wins face-off versus Brock Nelson in neutral zone.
0:24 of 3rd period - Shot by Madison Bowey.
0:24 of 3rd period - Deflect By Timo Meier.
0:24 of 3rd period - Stopped by Jake Allen with a rebound.
0:26 of 3rd period - Shot by Matthew Tkachuk.
0:26 of 3rd period - Shot Blocked by Damon Severson.
0:28 of 3rd period - Shot by Matthew Tkachuk.
0:28 of 3rd period - Stopped by Jake Allen without a rebound.
0:29 of 3rd period - Brayden Point wins face-off versus Rasmus Kupari in WINNIPEG Jets zone.
0:51 of 3rd period - Matt Boldy is hit by Damon Severson and loses puck.
1:11 of 3rd period - Shot by Victor Olofsson.
1:11 of 3rd period - Shot Misses the Net.
1:13 of 3rd period - Shot by Victor Olofsson.
1:13 of 3rd period - Stopped by Jake Allen without a rebound.
1:14 of 3rd period - Noah Cates wins face-off versus Nazem Kadri in WINNIPEG Jets zone.
1:27 of 3rd period - Shot by Nazem Kadri.
1:27 of 3rd period - Shot Misses the Net.
1:54 of 3rd period - Nazem Kadri is hit by Jared Spurgeon and loses puck.
1:57 of 3rd period - Shot by Timo Meier.
1:57 of 3rd period - Shot Misses the Net.
1:59 of 3rd period - Shot by Timo Meier.
1:59 of 3rd period - Stopped by Jake Allen without a rebound.
2:00 of 3rd period - Klim Kostin wins face-off versus Charlie Coyle in WINNIPEG Jets zone.
2:04 of 3rd period - Icing by Colton Parayko.
2:05 of 3rd period - Charlie Coyle wins face-off versus Victor Olofsson in WINNIPEG Jets zone.
2:14 of 3rd period - Shot by Alexei Toropchenko.
2:14 of 3rd period - Goal by Alexei Toropchenko - ARIZONA Coyotes : 1 - WINNIPEG Jets : 3.
2:15 of 3rd period - Brayden Point wins face-off versus Rasmus Kupari in neutral zone.
2:22 of 3rd period - Shot by Matt Boldy.
2:22 of 3rd period - Stopped by Jake Allen without a rebound.
2:23 of 3rd period - Nazem Kadri wins face-off versus Brock Nelson in WINNIPEG Jets zone.
2:34 of 3rd period - Timo Meier is hit by Dmitrij Jaskin and loses puck.
3:13 of 3rd period - Dmitrij Jaskin is hit by Matthew Tkachuk and loses puck.
3:17 of 3rd period - Icing by Ethan Bear.
3:18 of 3rd period - Brock Nelson wins face-off versus Victor Olofsson in WINNIPEG Jets zone.
3:43 of 3rd period - Shot by Olli Juolevi.
3:43 of 3rd period - Stopped by Andrei Vasilevsky without a rebound.
3:44 of 3rd period - Dillon Dube wins face-off versus Charlie Coyle in ARIZONA Coyotes zone.
3:56 of 3rd period - Minor Penalty to Gustav Lindstrom for Charging.
3:57 of 3rd period - Dmitrij Jaskin wins face-off versus Brayden Point in WINNIPEG Jets zone.
4:18 of 3rd period - Shot by Brayden Point.
4:18 of 3rd period - Stopped by Jake Allen without a rebound.
4:19 of 3rd period - Nazem Kadri wins face-off versus Dmitrij Jaskin in WINNIPEG Jets zone.
4:45 of 3rd period - Shot by Madison Bowey.
4:45 of 3rd period - Deflect By Matthew Tkachuk.
4:45 of 3rd period - Shot Blocked by Jared Spurgeon .
4:47 of 3rd period - Shot by Matthew Tkachuk.
4:47 of 3rd period - Shot Blocked by Damon Severson.
4:49 of 3rd period - Shot by Dougie Hamilton.
4:49 of 3rd period - Stopped by Jake Allen without a rebound.
4:50 of 3rd period - Brock Nelson wins face-off versus Brayden Point in WINNIPEG Jets zone.
5:01 of 3rd period - Shot by Brayden Point.
5:01 of 3rd period - Shot Misses the Net.
5:09 of 3rd period - Shot by Sean Durzi.
5:09 of 3rd period - Shot Blocked by Olli Juolevi.
5:17 of 3rd period - Shot by Vince Dunn.
5:17 of 3rd period - Goal by Vince Dunn - ARIZONA Coyotes : 2 - WINNIPEG Jets : 3.
5:18 of 3rd period - Gemel Smith wins face-off versus Nazem Kadri in neutral zone.
5:57 of 3rd period - Shot by Matthew Tkachuk.
5:57 of 3rd period - Stopped by Jake Allen without a rebound.
5:58 of 3rd period - Brock Nelson wins face-off versus Brayden Point in WINNIPEG Jets zone.
7:25 of 3rd period - Shot by Carl Hagelin.
7:25 of 3rd period - Stopped by Jake Allen without a rebound.
7:26 of 3rd period - Nazem Kadri wins face-off versus Rasmus Kupari in WINNIPEG Jets zone.
7:26 of 3rd period - Nazem Kadri is hit by Damon Severson.
7:49 of 3rd period - Matthew Tkachuk is hit by Ethan Bear and loses puck.
8:09 of 3rd period - Dougie Hamilton is hit by Damon Severson and loses puck.
9:06 of 3rd period - Icing by Olli Juolevi.
9:07 of 3rd period - Charlie Coyle wins face-off versus Dillon Dube in WINNIPEG Jets zone.
9:25 of 3rd period - Shot by Dillon Dube.
9:25 of 3rd period - Shot Blocked by Olli Juolevi.
10:05 of 3rd period - Icing by Olli Juolevi.
10:06 of 3rd period - Brayden Point wins face-off versus Charlie Coyle in WINNIPEG Jets zone.
10:42 of 3rd period - Brayden Point is hit by Olli Juolevi and loses puck.
10:47 of 3rd period - Shot by Victor Olofsson.
10:47 of 3rd period - Shot Misses the Net.
10:49 of 3rd period - Shot by Sean Durzi.
10:49 of 3rd period - Stopped by Jake Allen without a rebound.
10:50 of 3rd period - Noah Cates wins face-off versus Nazem Kadri in WINNIPEG Jets zone.
10:57 of 3rd period - Timo Meier is hit by Dmitrij Jaskin and loses puck.
11:15 of 3rd period - Off-side.
11:16 of 3rd period - Rasmus Kupari wins face-off versus Dillon Dube in neutral zone.
13:22 of 3rd period - Shot by Gemel Smith.
13:22 of 3rd period - Deflect By Alex Barre-Boulet.
13:22 of 3rd period - Stopped by Andrei Vasilevsky with a rebound.
13:44 of 3rd period - Shot by Matt Boldy.
13:44 of 3rd period - Stopped by Jake Allen without a rebound.
13:45 of 3rd period - Klim Kostin wins face-off versus Rasmus Kupari in WINNIPEG Jets zone.
13:58 of 3rd period - Minor Penalty to Klim Kostin for Tripping.
13:59 of 3rd period - Nazem Kadri wins face-off versus Andreas Athanasiou in ARIZONA Coyotes zone.
14:30 of 3rd period - Shot by Olli Juolevi.
14:30 of 3rd period - Stopped by Andrei Vasilevsky without a rebound.
14:31 of 3rd period - Brock Nelson wins face-off versus Nazem Kadri in ARIZONA Coyotes zone.
14:32 of 3rd period - Shot by Jared Spurgeon .
14:32 of 3rd period - Stopped by Andrei Vasilevsky without a rebound.
14:33 of 3rd period - Brock Nelson wins face-off versus Nazem Kadri in ARIZONA Coyotes zone.
14:40 of 3rd period - Shot by Gemel Smith.
14:40 of 3rd period - Deflect By Brock Nelson.
14:40 of 3rd period - Stopped by Andrei Vasilevsky with a rebound.
14:42 of 3rd period - Shot by Jared Spurgeon .
14:42 of 3rd period - Shot Misses the Net.
16:24 of 3rd period - Icing by Klim Kostin.
16:25 of 3rd period - Gemel Smith wins face-off versus Klim Kostin in ARIZONA Coyotes zone.
16:40 of 3rd period - Shot by Jared Spurgeon .
16:40 of 3rd period - Stopped by Andrei Vasilevsky without a rebound.
16:41 of 3rd period - Justin Abdelkader wins face-off versus Dmitrij Jaskin in ARIZONA Coyotes zone.
17:17 of 3rd period - Shot by Justin Abdelkader.
17:17 of 3rd period - Stopped by Jake Allen without a rebound.
17:18 of 3rd period - Nazem Kadri wins face-off versus Charlie Coyle in WINNIPEG Jets zone.
18:12 of 3rd period - Icing by Madison Bowey.
18:13 of 3rd period - Nazem Kadri wins face-off versus Brock Nelson in ARIZONA Coyotes zone.
19:05 of 3rd period - Icing by Matt Boldy.
19:06 of 3rd period - Brayden Point wins face-off versus Andreas Athanasiou in ARIZONA Coyotes zone.
19:17 of 3rd period - Icing by Sean Durzi.
19:18 of 3rd period - Brayden Point wins face-off versus Dmitrij Jaskin in ARIZONA Coyotes zone.
19:59 of 3rd period - Shot by Damon Severson.
19:59 of 3rd period - Shot Misses the Net.
Goals for this period are 1 for ARIZONA Coyotes vs 2 for WINNIPEG Jets.
Shots for this period are 13 for ARIZONA Coyotes vs 9 for WINNIPEG Jets.